[Event "Titled Tuesday Blitz June 6 Late 2023"]
[White "Najer, Evgeniy"]
[Black "Kollars, Dmitrij"]
[WhiteFideId "4118987"]
[BlackFideId "12909572"]
[WhiteElo "2545"]
[BlackElo "2584"]
[Result "0-1"]
[Round "10"]
[TimeControl "180+2"]
[Date "2023.06.07"]
[WhiteClock "0:00:02"]
[BlackClock "0:00:33"]
[Board "11"]

1. e4 e5 2. Nc3 Nf6 3. Bc4 Nxe4 4. Qh5 Nd6 5. Bb3 Be7 6. Nf3 Nc6 7. Nxe5 g6 8. Qe2 Nd4 9. Qd3 Nxb3 10. axb3 O-O 11. O-O Bf6 12. f4 Nf5 13. g4 Ne7 14. Qg3 d6 15. Nf3 Bg7 16. d3 f5 17. g5 b6 18. Be3 c5 19. Rae1 Bb7 20. h4 Qd7 21. h5 Rae8 22. h6 Bh8 23. Kh2 Nc6 24. Qf2 Nb4 25. Kg3 Re7 26. Bc1 Rfe8 27. Rxe7 Rxe7 28. Re1 Kf7 29. Rxe7+ Qxe7 30. Ne1 Bd4 31. Qf1 Be3 32. Ne2 Bxc1 33. Nxc1 Qe3+ 34. Nf3 Nxc2 35. Ne2 Qxd3 36. Qf2 Qxf3+ 37. Qxf3 Bxf3 38. Kxf3 Nd4+ 39. Nxd4 cxd4 40. b4 a6 41. Ke2 Ke6 42. b5 a5 43. b3 Kd5 44. Kd3 Kc5 0-1


[Site "https://www.chess.com"]

[Event "Titled Tuesday Blitz June 6 Late 2023"]
[White "Paravyan, David"]
[Black "Baskakov, Egor"]
[WhiteFideId "4194985"]
[BlackFideId "24197866"]
[WhiteElo "2563"]
[BlackElo "2225"]
[Result "1-0"]
[Round "10"]
[TimeControl "180+2"]
[Date "2023.06.07"]
[WhiteClock "0:00:22"]
[BlackClock "0:00:07"]
[Board "12"]

1. c4 Nf6 2. Nc3 e6 3. e4 d5 4. cxd5 exd5 5. e5 d4 6. exf6 dxc3 7. dxc3 Qxf6 8. Nf3 Bd6 9. Bb5+ Bd7 10. Qe2+ Qe7 11. Qxe7+ Bxe7 12. Bc4 Nc6 13. Bf4 O-O-O 14. O-O-O f6 15. h3 Bc5 16. Bg3 a6 17. Rhe1 Kb8 18. Bd3 Bc8 19. Be4 Rxd1+ 20. Rxd1 Bb6 21. Nd2 Be6 22. b3 g6 23. Kc2 Re8 24. f3 Bf7 25. Nc4 Bxc4 26. bxc4 f5 27. Bd5 Kc8 28. Re1 Rxe1 29. Bxe1 Kd7 30. g4 Be3 31. Bg3 b6 32. Kd3 Bc1 33. Bg8 h6 34. h4 Ne7 35. Bf7 fxg4 36. fxg4 c6 37. Ke4 b5 38. Be5 Bd2 39. Bf6 a5 40. Kd3 Be1 41. h5 gxh5 42. Bxh5 Bg3 43. Ke4 bxc4 44. Bg7 Nd5 45. Bf7 Kd6 46. Bf8+ Ne7 47. Bxh6 Be5 48. Bf4 Bxf4 49. Kxf4 Nd5+ 50. Bxd5 cxd5 51. g5 Ke6 52. Ke3 Ke5 53. g6 1-0


[Site "https://www.chess.com"]

[Event "Titled Tuesday Blitz June 6 Late 2023"]
[White "Matlakov, Maxim"]
[Black "Indjic, Aleksandar"]
[WhiteFideId "4168003"]
[BlackFideId "911925"]
[WhiteElo "2666"]
[BlackElo "2614"]
[Result "0-1"]
[Round "10"]
[TimeControl "180+2"]
[Date "2023.06.07"]
[WhiteClock "0:00:01"]
[BlackClock "0:00:07"]
[Board "13"]

1. e4 e5 2. Nf3 Nc6 3. Bc4 Nf6 4. d3 h6 5. O-O d6 6. a4 g5 7. a5 a6 8. c3 Bg7 9. Re1 O-O 10. h3 Ne7 11. Nbd2 Ng6 12. Nf1 c6 13. Bb3 Be6 14. Ng3 Qd7 15. d4 Rad8 16. Bxe6 Qxe6 17. Nf5 Rfe8 18. h4 g4 19. Nh2 exd4 20. Nxg4 h5 21. Nxf6+ Bxf6 22. Qxh5 dxc3 23. Bg5 cxb2 24. Rab1 d5 25. Nh6+ Kf8 26. Ng4 Bg7 27. e5 Qf5 28. Rxb2 Rd7 29. Rbe2 Re6 30. Qh7 d4 31. Nh6 Bxh6 32. Qxh6+ Ke8 33. Qg7 Qg4 34. Rd2 Qh5 35. Red1 c5 36. Rb1 Rxe5 37. Qf6 Qh8 38. Rxb7 Qxf6 39. Rb8+ Rd8 0-1


[Site "https://www.chess.com"]

[Event "Titled Tuesday Blitz June 6 Late 2023"]
[White "Zhigalko, Sergei"]
[Black "Rosen, Eric"]
[WhiteFideId "13502956"]
[BlackFideId "2032562"]
[WhiteElo "2626"]
[BlackElo "2331"]
[Result "1-0"]
[Round "10"]
[TimeControl "180+2"]
[Date "2023.06.07"]
[WhiteClock "0:00:17"]
[BlackClock "0:00:01"]
[Board "14"]

1. e4 c5 2. Nf3 Nc6 3. Bb5 e6 4. O-O Nge7 5. c3 a6 6. Ba4 b5 7. Bc2 d5 8. e5 d4 9. Be4 Rb8 10. d3 Bb7 11. a4 Ng6 12. Re1 Be7 13. g3 Qc7 14. Qe2 O-O 15. h4 Rfd8 16. h5 Nf8 17. Bf4 h6 18. axb5 axb5 19. Na3 Qb6 20. c4 Na7 21. cxb5 Bxe4 22. Qxe4 Nxb5 23. Nc4 Qb7 24. Qe2 Nc7 25. Nfd2 Ra8 26. Rac1 Nd5 27. Ne4 Rdb8 28. Bd2 Nh7 29. Qg4 Kh8 30. Rcd1 Rf8 31. Ra1 Rxa1 32. Rxa1 Ra8 33. Rc1 Qb3 34. Qe2 Rc8 35. Kg2 Qb5 36. Qf3 Rf8 37. Ra1 Qb3 38. Ra7 1-0


[Site "https://www.chess.com"]

[Event "Titled Tuesday Blitz June 6 Late 2023"]
[White "Martinez Ramirez, Lennis"]
[Black "Keymer, Vincent"]
[WhiteFideId "3509079"]
[BlackFideId "12940690"]
[WhiteElo "2410"]
[BlackElo "2669"]
[Result "1-0"]
[Round "10"]
[TimeControl "180+2"]
[Date "2023.06.07"]
[WhiteClock "0:00:35"]
[BlackClock "0:00:02"]
[Board "15"]

1. Nf3 d5 2. c4 d4 3. b4 g5 4. Qb3 g4 5. Nxd4 Bg7 6. e3 a5 7. b5 a4 8. Qc2 Nh6 9. Bb2 O-O 10. Bd3 f5 11. Na3 e5 12. Ne2 c5 13. Nc3 Be6 14. e4 Nd7 15. h3 gxh3 16. Rxh3 fxe4 17. Bxe4 Bxh3 18. gxh3 Rb8 19. Bxh7+ Kh8 20. O-O-O Rxf2 21. Rg1 Nf8 22. Ne4 Qh4 23. Nxf2 Qxf2 24. Rxg7 Rd8 25. Re7 Nf7 26. Rxf7 1-0


[Site "https://www.chess.com"]

[Event "Titled Tuesday Blitz June 6 Late 2023"]
[White "Sarana, Alexey"]
[Black "Martins, Bruno Andre Leite"]
[WhiteFideId "24133795"]
[BlackFideId "1942255"]
[WhiteElo "2714"]
[BlackElo "2241"]
[Result "1-0"]
[Round "10"]
[TimeControl "180+2"]
[Date "2023.06.07"]
[WhiteClock "0:02:18"]
[BlackClock "0:01:36"]
[Board "16"]

1. d4 Nf6 2. c4 g6 3. Nc3 Bg7 4. e4 O-O 5. Be2 d6 6. Be3 c5 7. d5 e6 8. Nf3 exd5 9. cxd5 Re8 10. Nd2 b5 11. Bxb5 Nxe4 12. Ndxe4 Rxe4 13. Nxe4 Qa5+ 14. Qd2 Qxb5 15. Nxd6 Qxb2 16. Qxb2 Bxb2 17. Rb1 Bc3+ 18. Bd2 Bxd2+ 19. Kxd2 Nd7 20. Nxc8 Rxc8 21. Kc3 Nb6 22. Rhd1 Kf8 23. d6 Ke8 24. Rxb6 1-0


[Site "https://www.chess.com"]

[Event "Titled Tuesday Blitz June 6 Late 2023"]
[White "Sun, Rick"]
[Black "Narayanan.S.L"]
[WhiteFideId "30909481"]
[BlackFideId "5058422"]
[WhiteElo "2169"]
[BlackElo "2563"]
[Result "0-1"]
[Round "10"]
[TimeControl "180+2"]
[Date "2023.06.07"]
[WhiteClock "0:00:06"]
[BlackClock "0:01:20"]
[Board "17"]

1. e4 f5 2. exf5 Nf6 3. d4 d5 4. Bd3 c5 5. c3 Nc6 6. Nf3 g6 7. fxg6 Bg4 8. gxh7 e5 9. Bg6+ Kd7 10. dxe5 Qe7 11. O-O Nxe5 12. Qa4+ Nc6 13. Re1 Qg7 14. Ne5+ Kc7 15. Bf4 Bd6 16. Nxg4 d4 17. Bxd6+ Kxd6 18. Nxf6 Qxf6 19. Be4 Raf8 20. Bf3 Ne5 21. Nd2 Qf4 22. Ne4+ Kc7 23. Qd1 Rxh7 24. cxd4 Qxh2+ 25. Kf1 Nxf3 26. gxf3 Rd7 27. Rc1 Qh1+ 28. Ke2 Qxf3+ 29. Kf1 Qh1+ 30. Ke2 Qxe4+ 31. Kf1 Rxf2+ 32. Kxf2 Rf7+ 33. Kg3 Qf4+ 34. Kg2 Rg7+ 35. Kh3 Qh6+ 36. Qh5 Qxh5# 0-1


[Site "https://www.chess.com"]

[Event "Titled Tuesday Blitz June 6 Late 2023"]
[White "Matinian, Nikita"]
[Black "Hansen, Eric"]
[WhiteFideId "24129100"]
[BlackFideId "2606771"]
[WhiteElo "2422"]
[BlackElo "2561"]
[Result "1-0"]
[Round "10"]
[TimeControl "180+2"]
[Date "2023.06.07"]
[WhiteClock "0:00:06"]
[BlackClock "0:00:01"]
[Board "18"]

1. e4 c5 2. Nf3 d6 3. d4 cxd4 4. Nxd4 Nf6 5. Nc3 a6 6. h3 e5 7. Nb3 Be6 8. f4 exf4 9. Bxf4 Nc6 10. Qf3 Ne5 11. Qf2 Rc8 12. O-O-O Rxc3 13. Bxe5 Rc8 14. Bh2 Nxe4 15. Qe3 d5 16. Bd3 Qh4 17. Qb6 Be7 18. Qxb7 O-O 19. Rhf1 a5 20. Kb1 a4 21. Nd4 Bd6 22. Bxd6 Nxd6 23. Qa6 Qe7 24. Qxa4 Rb8 25. b3 Rfc8 26. Rde1 Rb6 27. Nxe6 fxe6 28. Qd4 Qc7 29. Rxe6 Qc6 30. Re7 Ne8 31. Qh4 Nf6 32. Bf5 Rc7 33. Re6 1-0


[Site "https://www.chess.com"]

[Event "Titled Tuesday Blitz June 6 Late 2023"]
[White "Elsa167"]
[Black "Skatchkov, Pavel"]
[BlackFideId "4121848"]
[WhiteElo "2878"]
[BlackElo "2476"]
[Result "1-0"]
[Round "10"]
[TimeControl "180+2"]
[Date "2023.06.07"]
[WhiteClock "0:00:23"]
[BlackClock "0:00:01"]
[Board "19"]

1. e4 e5 2. Nf3 d5 3. exd5 e4 4. Qe2 Nf6 5. Nc3 Be7 6. Nxe4 Nxd5 7. d3 O-O 8. Qd1 Re8 9. Be2 c5 10. O-O Nc6 11. Re1 Bf5 12. Ng3 Bg6 13. c3 h6 14. Bf1 Qc7 15. Qa4 Rad8 16. Bd2 Nb6 17. Qg4 Nd5 18. Nf5 Bf8 19. N3h4 Ne5 20. Qg3 Bxf5 21. Nxf5 Ng6 22. Qxc7 Nxc7 23. g3 Ne5 24. Kg2 Nxd3 25. Rxe8 Nxe8 26. Bxd3 Rxd3 27. Re1 Nf6 28. Bf4 Rd7 29. Be5 Nd5 30. h4 g6 31. Ne3 Nxe3+ 32. Rxe3 Be7 33. Re2 b6 34. c4 h5 35. Kf3 f6 36. Bf4 Kf7 37. b3 Rd3+ 38. Be3 Rd1 39. Ke4 Ke6 40. Bf4 Rd4+ 41. Kf3+ Kf7 42. Bb8 Rd3+ 43. Kg2 Rd7 44. f3 Bd6 45. Bxd6 Rxd6 46. g4 hxg4 47. fxg4 Rd4 48. Kf3 Rd3+ 49. Re3 Rd2 50. a4 Rh2 51. Kg3 Rb2 52. Rd3 Ke6 53. h5 gxh5 54. gxh5 Rb1 55. Kg4 Rg1+ 56. Rg3 f5+ 57. Kf4 Rh1 58. Kg5 f4 59. Rg2 1-0


[Site "https://www.chess.com"]

[Event "Titled Tuesday Blitz June 6 Late 2023"]
[White "Rustemov, Alexander"]
[Black "Amburgy, Ryan"]
[WhiteFideId "4119002"]
[BlackFideId "30924820"]
[WhiteElo "2837"]
[BlackElo "2134"]
[Result "1-0"]
[Round "10"]
[TimeControl "180+2"]
[Date "2023.06.07"]
[WhiteClock "0:00:09"]
[BlackClock "0:00:07"]
[Board "20"]

1. d4 Nf6 2. c4 e6 3. Nf3 d5 4. Nc3 Bb4 5. Bg5 h6 6. Bxf6 Qxf6 7. e3 O-O 8. Qb3 c5 9. cxd5 exd5 10. dxc5 Bxc3+ 11. Qxc3 Qxc3+ 12. bxc3 Be6 13. Rb1 Rc8 14. Rxb7 Rxc5 15. Kd2 Nd7 16. Rb5 Rac8 17. Rxc5 Rxc5 18. Bd3 Ra5 19. Ra1 Nc5 20. Nd4 Bd7 21. Bc2 Ba4 22. f3 Kf8 23. Bxa4 Rxa4 24. Kc2 Ke7 25. Nb3 Ne6 26. Kb2 Kd6 27. Rd1 Kc6 28. Nd4+ Kc5 29. Nxe6+ fxe6 30. Kb3 Ra6 31. Rd4 Rc6 32. f4 g6 33. e4 Rb6+ 34. Kc2 Rb7 35. g3 Rf7 36. exd5 exd5 37. Kd3 g5 38. Ra4 Kb5 39. Rb4+ Kc5 40. a4 a6 41. a5 Rf6 42. Rb6 Rf8 43. Rxa6 gxf4 44. gxf4 Rxf4 45. Rxh6 Ra4 46. a6 Ra3 47. Kc2 Ra5 48. h4 Ra1 49. h5 Kb5 50. Kb2 Ra5 51. Rg6 Kc4 52. h6 Rb5+ 53. Kc2 Rb8 54. h7 Rh8 55. a7 Rf8 56. Rg4+ d4 57. Rxd4+ Kc5 58. Rg4 Rf2+ 59. Kb3 Rf3 60. h8=Q Rxc3+ 61. Qxc3+ Kb6 62. Rb4+ Ka6 63. Qc6+ Ka5 64. Qb5# 1-0


[Site "https://www.chess.com"]

[Event "Titled Tuesday Blitz June 6 Late 2023"]
[White "Bryakin, Mikhail"]
[Black "Martic, Ivan"]
[WhiteFideId "4165314"]
[BlackFideId "929301"]
[WhiteElo "2464"]
[BlackElo "2346"]
[Result "1-0"]
[Round "10"]
[TimeControl "180+2"]
[Date "2023.06.07"]
[WhiteClock "0:00:08"]
[BlackClock "0:00:01"]
[Board "21"]

1. c4 g6 2. h4 Nf6 3. b3 Bg7 4. Bb2 c6 5. d3 d5 6. Nd2 a5 7. Ngf3 a4 8. g3 Qa5 9. Rc1 Na6 10. Bc3 Qb6 11. Bg2 Ng4 12. O-O d4 13. Ba1 axb3 14. axb3 c5 15. e3 O-O 16. exd4 cxd4 17. Qe2 e5 18. Ng5 Nc5 19. Bd5 Bf5 20. Nge4 Ra2 21. Qf3 Rxd2 22. Nxd2 Nxd3 23. Rcd1 Nf6 24. Qg2 Nxd5 25. cxd5 Nb4 26. Nc4 Qd8 27. Rfe1 Bc2 28. Rd2 Bxb3 29. Nxe5 Bxd5 30. Qf1 d3 31. Nxd3 Bc4 32. Bxg7 Kxg7 33. Re4 Bxd3 34. Qa1+ Kg8 35. Rxb4 Qe7 36. Rd4 Bb5 37. Qb1 Bc6 38. Qd1 Qe6 39. Kh2 Qf5 40. Qg4 Qf6 41. Qf4 Qe6 42. Rd8 Qe1 43. Rd1 1-0


[Site "https://www.chess.com"]

[Event "Titled Tuesday Blitz June 6 Late 2023"]
[White "Wadsworth, Matthew J"]
[Black "Gadimbayli, Abdulla"]
[WhiteFideId "415804"]
[BlackFideId "13404938"]
[WhiteElo "2347"]
[BlackElo "2386"]
[Result "0-1"]
[Round "10"]
[TimeControl "180+2"]
[Date "2023.06.07"]
[WhiteClock "0:00:04"]
[BlackClock "0:00:24"]
[Board "22"]

1. c4 g6 2. g3 Bg7 3. Bg2 Nf6 4. Nc3 O-O 5. Nf3 c6 6. e4 d5 7. cxd5 cxd5 8. e5 Ne4 9. d4 Nc6 10. O-O Bg4 11. h3 Bxf3 12. Bxf3 Qd7 13. Bg2 Nxc3 14. bxc3 Rac8 15. Qb3 Rfd8 16. h4 b6 17. Kh2 Na5 18. Qc2 Qf5 19. Qd2 Nc4 20. Qe2 Qd7 21. Bh3 e6 22. Bg5 Re8 23. h5 Na5 24. Rfc1 Qa4 25. Qf3 Qa3 26. Qf4 Rc7 27. Bf6 Qf8 28. g4 Bh6 29. g5 Bg7 30. Bxg7 Qxg7 31. h6 Qf8 32. Qf6 Nc4 33. Bf1 Nd2 34. Bd3 Rec8 35. Rc2 Nc4 36. a4 b5 37. axb5 Nb6 38. Ra3 Nd7 39. Qg7+ Qxg7 40. hxg7 Kxg7 41. Kg3 Nb6 42. Kf3 h5 43. gxh6+ Kxh6 44. Ke3 Kg7 45. Kd2 Rh8 46. Rca2 Nc8 47. Ra6 Rh2 48. Rc6 Rxc6 49. bxc6 Rxf2+ 50. Be2 Rh2 51. Rb2 Ne7 52. c7 Rh8 53. Rb8 a5 54. Ba6 g5 55. Ke3 Rh3+ 56. Kf2 Rxc3 57. c8=Q Nxc8 58. Bxc8 a4 59. Ra8 a3 60. Bd7 Kg6 61. Be8 g4 62. Ra7 Kf5 63. Bxf7 g3+ 64. Kg2 Kf4 65. Bxe6 Rc2+ 66. Kg1 a2 67. Bxd5 Rc1+ 68. Kg2 a1=Q 69. Rxa1 Rxa1 70. e6 Re1 71. Bc4 Re4 72. d5 Rxc4 73. e7 Re4 74. d6 Re2+ 75. Kf1 Kf3 76. d7 g2+ 0-1


[Site "https://www.chess.com"]

[Event "Titled Tuesday Blitz June 6 Late 2023"]
[White "Oro, Faustino"]
[Black "Goryachkina, Aleksandra"]
[WhiteFideId "20000197"]
[BlackFideId "4147103"]
[WhiteElo "1984"]
[BlackElo "2471"]
[Result "0-1"]
[Round "10"]
[TimeControl "180+2"]
[Date "2023.06.07"]
[WhiteClock "0:00:03"]
[BlackClock "0:00:06"]
[Board "23"]

1. e4 c6 2. d4 d5 3. e5 Bf5 4. h4 a6 5. Nf3 e6 6. Bd3 Bxd3 7. Qxd3 c5 8. c3 Nc6 9. O-O Rc8 10. dxc5 Bxc5 11. Bf4 Nge7 12. Nbd2 h6 13. Rfe1 O-O 14. h5 b5 15. Re2 b4 16. Nb3 Bb6 17. Qxa6 bxc3 18. bxc3 Nf5 19. Qd3 Na5 20. Nbd4 Nxd4 21. cxd4 Nc4 22. g4 f6 23. Bg3 f5 24. gxf5 Rxf5 25. Nh4 Rxh5 26. Qg6 Qe8 27. Qd3 Qe7 28. Ng6 Qf7 29. Nf4 Rf5 30. Ng2 Rf3 31. Qd1 Rf8 32. a4 Ba5 33. Rb1 h5 34. Rb5 g5 35. Rb3 h4 36. Rxf3 Qxf3 37. Bh2 h3 38. Ne1 Qg4+ 39. Bg3 Nb2 40. Qc2 Nc4 41. Qg6+ Kh8 42. Qd3 Kg8 43. Kh2 Qf5 44. Qxf5 exf5 45. Kxh3 f4 46. Bh2 f3 47. Nxf3 Rxf3+ 48. Kg4 Rd3 49. e6 Kf8 50. Kxg5 Rxd4 51. Kf6 Re4 52. Rc2 Ke8 53. Kf5 Re1 54. Ra2 Ke7 55. Bg3 Nd6+ 56. Kg4 Kxe6 57. Rb2 Re4+ 58. Kh3 Rxa4 59. Rb8 Rb4 60. Rh8 Rb6 61. Rh6+ Kd7 62. Rh7+ Kd8 63. Rh6 Kc7 64. Kg4 Bb4 65. f4 Rb5 66. f5 d4 67. f6 Kd7 68. Rh7+ Ke6 69. Bh4 Nf7 70. Rg7 Rd5 71. Rg8 d3 72. Re8+ Kd7 73. Ra8 d2 74. Ra7+ Ke6 75. Ra1 d1=Q+ 76. Rxd1 Rxd1 0-1


[Site "https://www.chess.com"]

[Event "Titled Tuesday Blitz June 6 Late 2023"]
[White "Fiorito, Francisco"]
[Black "Daggupati, Balaji"]
[WhiteFideId "180165"]
[BlackFideId "2090759"]
[WhiteElo "2319"]
[BlackElo "2743"]
[Result "1-0"]
[Round "10"]
[TimeControl "180+2"]
[Date "2023.06.07"]
[WhiteClock "0:00:17"]
[BlackClock "0:00:54"]
[Board "24"]

1. e4 c5 2. Nf3 e6 3. Bd3 g6 4. O-O Bg7 5. c3 d5 6. Re1 Ne7 7. Bc2 O-O 8. exd5 Nxd5 9. d4 cxd4 10. Nxd4 b6 11. Nd2 Bb7 12. Ne4 h6 13. Ng3 Nd7 14. Qe2 a6 15. Nxe6 fxe6 16. Qxe6+ Kh8 17. Qxg6 N7f6 18. Nh5 Qc7 19. c4 Rac8 20. Bxh6 Bxh6 21. Qxh6+ Nh7 22. cxd5 Qxc2 23. Qg7# 1-0


[Site "https://www.chess.com"]

[Event "Titled Tuesday Blitz June 6 Late 2023"]
[White "Tanenbaum, Zachary"]
[Black "Simonian, Hrair"]
[WhiteFideId "2060850"]
[BlackFideId "13302337"]
[WhiteElo "2207"]
[BlackElo "2447"]
[Result "0-1"]
[Round "10"]
[TimeControl "180+2"]
[Date "2023.06.07"]
[WhiteClock "0:00:02"]
[BlackClock "0:01:34"]
[Board "25"]

1. e4 c5 2. Nf3 e6 3. d4 cxd4 4. Nxd4 a6 5. Bd3 Bc5 6. Nb3 Ba7 7. Qe2 d6 8. Be3 Bxe3 9. Qxe3 Nf6 10. O-O Nc6 11. f4 e5 12. N1d2 O-O 13. Kh1 b5 14. a4 Rb8 15. axb5 axb5 16. Nf3 Ng4 17. Qd2 Qb6 18. Rae1 exf4 19. Qxf4 Nf2+ 20. Rxf2 Qxf2 21. Qxd6 Bh3 22. Bf1 Bg4 23. Re2 Qxf1+ 24. Ng1 Bxe2 25. Qxc6 Rbd8 26. Qc5 Rd1 27. h3 Qxg1+ 28. Qxg1 Rxg1+ 29. Kxg1 Bd1 30. Nd4 Rd8 31. c3 Ba4 32. Kf2 b4 33. Ke3 bxc3 34. bxc3 Rc8 35. Kd3 f6 36. Nf5 Kf8 37. c4 Bb3 38. Ne3 Ke7 39. Kc3 Ba4 40. Nd5+ Kd8 41. Nb6 Bc6 42. Nxc8 Kxc8 43. Kd4 Kd7 44. g3 Ke6 45. Kc5 Bxe4 46. Kd4 Bg2 47. h4 Kf5 48. Ke3 Kg4 49. Kf2 Bc6 50. c5 h5 51. Kg1 Kxg3 52. Kf1 g5 53. hxg5 fxg5 54. Ke2 h4 55. Ke3 h3 56. Kd4 h2 57. Ke5 h1=Q 58. Kf5 Qd5+ 59. Kg6 g4 60. Kh6 Kf4 61. Kg6 Qe6+ 62. Kg7 Kg5 63. Kf8 Bd5 64. Kg7 Qg8# 0-1


[Site "https://www.chess.com"]

[Event "Titled Tuesday Blitz June 6 Late 2023"]
[White "WindWhistler11"]
[Black "benny_aizenberg"]
[WhiteElo "2572"]
[BlackElo "2725"]
[Result "1-0"]
[Round "10"]
[TimeControl "180+2"]
[Date "2023.06.07"]
[WhiteClock "0:00:06"]
[BlackClock "0:00:02"]
[Board "26"]

1. Nf3 c5 2. g3 Nf6 3. d4 cxd4 4. Nxd4 e5 5. Nb3 d5 6. Bg2 Be7 7. O-O O-O 8. Nc3 d4 9. Na4 Qc7 10. c3 Bd7 11. Nd2 Bc6 12. cxd4 exd4 13. b3 b5 14. Nb2 Bxg2 15. Kxg2 Nd5 16. Nf3 Bf6 17. Bg5 Bxg5 18. Nxg5 Nc6 19. Rc1 h6 20. Nf3 Nc3 21. Qd2 Rad8 22. e3 Nxa2 23. Nxd4 Nxc1 24. Qxc1 Rc8 25. Nf5 Qe5 26. Qb1 Nb4 27. f4 Qe6 28. Rf2 Rfd8 29. g4 Kf8 30. Nd1 Nd3 31. Qa1 f6 32. Rd2 Qe4+ 33. Kg3 Rd7 34. Qa3+ Kg8 35. Nf2 Nxf2 36. Rxd7 Nh1+ 37. Kh3 Qf3+ 38. Kh4 Qf2+ 39. Kh5 Qxh2+ 40. Kg6 Qg2 41. Rxg7+ Kh8 42. Rh7+ Kg8 43. Ne7+ Kf8 44. Nxc8+ Kg8 45. Qe7 Qxg4+ 46. Kxf6 Qf5+ 47. Kxf5 Ng3+ 48. Ke5 1-0


[Site "https://www.chess.com"]

[Event "Titled Tuesday Blitz June 6 Late 2023"]
[White "Pinheiro, Iung Alicio de O."]
[Black "Gritsenko, Nikolai"]
[WhiteFideId "2104350"]
[BlackFideId "14112493"]
[WhiteElo "2283"]
[BlackElo "2389"]
[Result "0-1"]
[Round "10"]
[TimeControl "180+2"]
[Date "2023.06.07"]
[WhiteClock "0:00:03"]
[BlackClock "0:00:19"]
[Board "27"]

1. e4 d5 2. exd5 Nf6 3. d4 Bg4 4. Bb5+ Nbd7 5. Be2 Bxe2 6. Qxe2 Nxd5 7. Nf3 e6 8. O-O Be7 9. c4 N5f6 10. Nc3 O-O 11. Bf4 Re8 12. Rad1 c6 13. Rd3 Qa5 14. Ne5 Rad8 15. Rfd1 Nf8 16. h4 Ng6 17. Bg3 Nf8 18. h5 h6 19. Bf4 N6h7 20. Rg3 Bg5 21. Be3 Qc7 22. f4 Bf6 23. Ne4 Kh8 24. Qg4 Qe7 25. c5 Bxe5 26. fxe5 g5 27. hxg6 Nxg6 28. Bxh6 Rg8 29. Qh5 Qh4 30. Qxh4 Nxh4 31. Ng5 Rd7 32. Rh3 Nxg5 33. Bxg5 Rxg5 34. Rxh4+ Kg7 35. Kf2 Rxe5 36. Rdh1 Rg5 37. Rh7+ Kf6 38. R1h6+ Rg6 39. Rxg6+ Kxg6 40. Rh4 Rd5 41. Ke3 Rg5 42. g4 Kg7 43. b4 Rd5 44. a3 Rd8 45. Ke4 Kg6 46. a4 a6 47. Ke5 Rd5+ 48. Ke4 Rg5 49. Kf4 Rd5 50. Ke4 Rd8 51. Ke5 Kg5 52. Rh7 Rd5+ 53. Ke4 Rd7 54. Rg7+ Kf6 55. Rg8 Ke7 56. Ke5 Rd5+ 57. Ke4 Rd8 58. Rg7 Rh8 59. g5 Kf8 0-1


[Site "https://www.chess.com"]

[Event "Titled Tuesday Blitz June 6 Late 2023"]
[White "Jovic, Stanoje"]
[Black "Bitoon, Richard"]
[WhiteFideId "905020"]
[BlackFideId "5201110"]
[WhiteElo "2236"]
[BlackElo "2374"]
[Result "0-1"]
[Round "10"]
[TimeControl "180+2"]
[Date "2023.06.07"]
[WhiteClock "0:00:02"]
[BlackClock "0:00:02"]
[Board "28"]

1. c4 e5 2. g3 Nf6 3. Bg2 d5 4. cxd5 Nxd5 5. Nf3 Nc6 6. O-O Nb6 7. Nc3 Be7 8. d4 O-O 9. dxe5 Bg4 10. h3 Bxf3 11. Bxf3 Nxe5 12. Bxb7 Rb8 13. Bg2 Qe8 14. b3 Nc6 15. Bf4 Rd8 16. Qc1 Bd6 17. Rd1 Ne5 18. a4 a6 19. Ne4 Qe6 20. Nxd6 cxd6 21. Qe3 Nbd7 22. g4 Nf6 23. Qb6 Ng6 24. Rxd6 Rxd6 25. Qxd6 Qxe2 26. Be3 Qb2 27. Rc1 a5 28. Rc5 Nh4 29. Rxa5 Qxb3 30. Ra7 Qb1+ 31. Kh2 Nxg2 32. Kxg2 Qe4+ 33. Kh2 Qf3 34. Qf4 Qc6 35. a5 h6 36. a6 Nd5 37. Qf3 Qd6+ 38. Kh1 Nb4 39. Rb7 Nxa6 40. Rb6 Qd3 41. Qf4 Qf1+ 42. Kh2 Qd3 43. Rd6 Qb5 44. Bd4 Nc7 45. Rb6 Qd7 46. g5 Ne6 0-1


[Site "https://www.chess.com"]

[Event "Titled Tuesday Blitz June 6 Late 2023"]
[White "Hambleton, Aman"]
[Black "Jimenez Almeida, Luis David"]
[WhiteFideId "2606577"]
[BlackFideId "22242244"]
[WhiteElo "2511"]
[BlackElo "2245"]
[Result "1-0"]
[Round "10"]
[TimeControl "180+2"]
[Date "2023.06.07"]
[WhiteClock "0:00:02"]
[BlackClock "0:00:01"]
[Board "29"]

1. d4 g6 2. c4 Bg7 3. e4 c5 4. d5 b5 5. cxb5 a6 6. bxa6 d6 7. Nc3 Nf6 8. h3 O-O 9. Nf3 Qa5 10. Bd2 Bxa6 11. Bxa6 Qxa6 12. Qe2 Qxe2+ 13. Kxe2 Nbd7 14. Kd3 Rfb8 15. Kc2 Ra6 16. Rhe1 Ne8 17. Rab1 c4 18. Be3 Bxc3 19. Kxc3 Rxa2 20. Nd2 Ne5 21. Nxc4 Nxc4 22. Kxc4 Rbxb2 23. Rxb2 Rxb2 24. Ra1 f6 25. Kc3 Rb7 26. Ra8 Kf7 27. g4 Rc7+ 28. Kd3 Rb7 29. f4 Rb1 30. Ra7 Rb3+ 31. Ke2 Rb4 32. Kf3 h5 33. gxh5 gxh5 34. e5 fxe5 35. fxe5 dxe5 36. Bc5 Rb3+ 37. Ke4 Rxh3 38. Rxe7+ Kf8 39. Rxe5+ Kf7 40. Re7+ Kf8 41. d6 Nxd6+ 42. Bxd6 Kg8 43. Rc7 Rh1 44. Be5 h4 45. Kf5 Rf1+ 46. Ke6 h3 47. Rg7+ Kf8 48. Rh7 Rg1 49. Rxh3 Rg6+ 50. Bf6 Rg8 51. Rh7 1-0


[Site "https://www.chess.com"]

[Event "Titled Tuesday Blitz June 6 Late 2023"]
[White "Aldokhin, Ivan"]
[Black "Pakleza, Zbigniew"]
[WhiteFideId "24115720"]
[BlackFideId "1119290"]
[WhiteElo "2322"]
[BlackElo "2410"]
[Result "0-1"]
[Round "10"]
[TimeControl "180+2"]
[Date "2023.06.07"]
[WhiteClock "0:00:04"]
[BlackClock "0:00:14"]
[Board "30"]

1. e4 d6 2. d4 Nf6 3. Nc3 c6 4. Bg5 Qb6 5. Qd2 Qxb2 6. Rb1 Qa3 7. f4 e6 8. Nf3 d5 9. Rb3 Qa5 10. e5 Nfd7 11. f5 exf5 12. Bd3 Nb6 13. O-O Be6 14. Qf4 h6 15. Bxf5 N8d7 16. Bxe6 fxe6 17. Bh4 Bb4 18. Qg4 Nf8 19. Ne2 g6 20. Nf4 h5 21. Qh3 Kd7 22. Ng5 Re8 23. Nd3 Bc3 24. Rf7+ Kc8 25. Nc5 Bxd4+ 26. Kh1 Qxc5 27. Rxf8 Rhxf8 28. Nxe6 Rf1# 0-1


[Site "https://www.chess.com"]

[Event "Titled Tuesday Blitz June 6 Late 2023"]
[White "Tejedor Fuente, Enrique"]
[Black "Becerra, Juan David"]
[WhiteFideId "2299100"]
[BlackFideId "4404998"]
[WhiteElo "2496"]
[BlackElo "2304"]
[Result "0-1"]
[Round "10"]
[TimeControl "180+2"]
[Date "2023.06.07"]
[WhiteClock "0:00:13"]
[BlackClock "0:00:10"]
[Board "31"]

1. d4 d5 2. c4 e6 3. Nc3 c6 4. e3 Nf6 5. Nf3 Nbd7 6. Bd3 dxc4 7. Bxc4 b5 8. Bd3 Bb7 9. O-O a6 10. a3 c5 11. Qe2 Be7 12. Rd1 Qb6 13. b3 O-O 14. Bb2 Rfd8 15. dxc5 Nxc5 16. Bc2 Rxd1+ 17. Rxd1 Rd8 18. Rxd8+ Qxd8 19. h3 h6 20. b4 Nce4 21. Nxe4 Bxe4 22. Bxe4 Nxe4 23. Qc2 Qd5 24. Qc8+ Kh7 25. Qc2 f5 26. Nd4 Bf6 27. Qe2 Bxd4 28. Bxd4 e5 29. Ba7 Qd2 30. Qxd2 Nxd2 31. Bb8 Nc4 32. Kf1 e4 33. Ke2 Kg6 34. Kd1 Kf7 35. Kc2 Nxa3+ 36. Kc3 Ke6 37. Kd4 Nc4 38. f3 exf3 39. gxf3 g5 40. Kc5 Ne5 41. Bxe5 Kxe5 42. Kb6 f4 43. e4 h5 44. Kxa6 g4 45. hxg4 hxg4 46. fxg4 f3 47. g5 f2 48. g6 f1=Q 49. g7 Qf7 50. Kxb5 Qxg7 51. Ka6 Qf8 52. b5 Qb8 53. b6 Kxe4 54. b7 Kd5 55. Kb6 Kd6 0-1


[Site "https://www.chess.com"]